 Dungeon Crawl Stone Soup version 0.29.0-7-g18a832c13a (webtiles) character file.

Game seed: 11017990515285388659

591 gelatine the Insei (level 7, -1/48 HPs)
             Began as a Demonspawn Transmuter on Aug 30, 2022.
             Was a Follower of Uskayaw.
             Slain by a steam dragon (5 damage)
             ... on level 4 of the Dungeon.
             The game lasted 00:11:25 (4895 turns).

gelatine the Insei (Demonspawn Transmuter)          Turns: 4895, Time: 00:11:26

Health: -1/48      AC:  4    Str: 10    XL:     7   Next: 16%
Magic:  21/21      EV: 12    Int: 16    God:    Uskayaw [*.....]
Gold:   150        SH:  0    Dex: 14    Spells: 10/13 levels left

rFire   . . .      SeeInvis .     - Unarmed
rCold   . . .      Faith    .   (no shield)
rNeg    . . .      Spirit   .   a - +0 robe
rPois   .          Reflect  .   (helmet currently unavailable)
rElec   .          Harm     .   (no cloak)
rCorr   .          Rampage  .   (no gloves)
Will    .....                   (boots currently unavailable)
Stlth   ++........              l - amulet of the acrobat
HPRegen 0.16/turn               t - ring of magical power
MPRegen 0.17/turn               A - ring of flight

@: appendages, flying
A: horns 2, talons 2, slimy green scales 1, condensation shield, demonic magic 2
a: End Transformation, Renounce Religion, Stomp


You were on level 4 of the Dungeon.
You worshipped Uskayaw.
Uskayaw was noncommittal.
You had temporarily grown beastly horns and talons.
You visited 1 branch of the dungeon, and saw 4 of its levels.

You collected 150 gold pieces.

Inventory:

Hand Weapons
 i - a +0 sling
 y - a +1 vorpal flail
Missiles
 s - 4 atropa-tipped darts
 u - 2 boomerangs
Armour
 a - a +0 robe (worn)
 g - a +0 buckler
Jewellery
 f - a ring of ice
 l - an amulet of the acrobat (around neck)
 t - a ring of magical power (left hand)
 A - a ring of flight (right hand)
Scrolls
 c - a scroll of silence {unknown}
 d - 2 scrolls of identify {unknown}
 e - a scroll of amnesia {unknown}
 k - a scroll of enchant armour {unknown}
 m - a scroll of magic mapping {unknown}
 n - 4 scrolls of immolation {unknown}
 o - a scroll of acquirement {unknown}
 r - a scroll of teleportation {unknown}
 v - a scroll of blinking {unknown}
 w - a scroll of fear {unknown}
 x - a scroll of fog {unknown}
Potions
 b - 2 potions of lignification
 h - a potion of haste {unknown}
 j - 2 potions of degeneration {unknown}
 p - a potion of attraction {unknown}
 q - 2 potions of curing
 z - a potion of magic {unknown}


   Skills:
 + Level 1.5 Fighting
 + Level 2.8 Dodging
 + Level 2.5 Stealth
 + Level 0.7 Shields
 + Level 4.7 Unarmed Combat
 + Level 3.7 Spellcasting
 + Level 3.2 Transmutations


You had 10 spell levels left.
You knew the following spells:

 Your Spells              Type           Power      Damage    Failure   Level
a - Beastly Appendage     Tmut           26%        N/A       4%          1
b - Wereblood             Tmut           13%        N/A       7%          2

Your spell library contained the following spells:

 Spells                   Type           Power      Damage    Failure   Level
 Sublimation of Blood     Necr           2%         N/A       26%         2
 Spider Form              Tmut/Pois      8%         N/A       26%         3
 Call Canine Familiar     Summ           2%         N/A       45%         3
 Ozocubu's Armour         Ice            2%         N/A       45%         3
 Portal Projectile        Hex/Tloc       4%         N/A       45%         3
 Ice Form                 Ice/Tmut       8%         N/A       65%         4
 Petrify                  Tmut/Erth      8%         N/A       65%         4
 Leda's Liquefaction      Hex/Erth       1%         N/A       86%         4
 Irradiate                Conj/Tmut      4%         3d13      94%         5
 Metabolic Englaciation   Hex/Ice        1%         N/A       99%         5
 Simulacrum               Ice/Necr       1%         N/A       100%        6


Dungeon Overview and Level Annotations

Branches:
Dungeon (4/15)
 Temple: D:4-7

Altars:
Hepliaklqana
Trog
Uskayaw
Xom


Innate Abilities, Weirdness & Mutations

You have temporarily grown beastly horns and talons.
You are partially covered in slimy green scales. (AC +2)
A meltable shield of frost defends you. (SH +0)
Spells you cast may paralyse nearby enemies.


Message History

Your condensation shield dissipates!
The steam dragon completely misses you. The steam dragon closely misses you.
You closely miss the steam dragon. Your kick misses the steam dragon.
The steam dragon breathes steam at you. The ball of steam hits you!!
* * * LOW HITPOINT WARNING * * *
Unknown command.
The steam dragon completely misses you. The steam dragon closely misses you.
You hit the steam dragon but do no damage.
You claw the steam dragon, but do no damage.
The steam dragon bites you but does no damage.
The steam dragon claws you.
* * * LOW HITPOINT WARNING * * *
You feel better.
You are engulfed in a cloud of scalding steam.
* * * LOW HITPOINT WARNING * * *
The steam dragon barely misses you. The steam dragon claws you.
* * * LOW HITPOINT WARNING * * *
You barely miss the steam dragon. Your headbutt misses the steam dragon.
The steam dragon misses you. The steam dragon closely misses you.
You hit the steam dragon but do no damage.
You claw the steam dragon, but do no damage.
The steam dragon breathes steam at you. The ball of steam hits you.
* * * LOW HITPOINT WARNING * * *
The steam dragon misses you. The steam dragon completely misses you.
The steam dragon completely misses you. The steam dragon barely misses you.
You hit the steam dragon but do no damage.
The steam dragon bites you.
* * * LOW HITPOINT WARNING * * *
The steam dragon claws you but does no damage.
You hit the steam dragon. Your kick misses the steam dragon.
The steam dragon is lightly wounded.
The steam dragon barely misses you. x2
You hit the steam dragon.
You claw the steam dragon, but do no damage.
Your headbutt misses the steam dragon.
The steam dragon is lightly wounded.
The steam dragon bites you.
You die...

#### ##..# #...#
###...#####
###..........
#.$..@D.#
###....### .
#......###..
#....§.§....
###.......#
#...§§...#
##...##..# ....
##......##......
##..............##


You could see a steam dragon.

Vanquished Creatures
  Edmund (D:4)
  A sky beast (D:4)
  A black bear (D:4)
  A phantom (D:4)
  An orc priest (D:3)
  An orc wizard (D:3)
  8 adders
  A worm (D:2)
  8 orcs
  5 ball pythons
  7 bats
  4 endoplasms
  3 giant cockroaches
  6 goblins
  7 hobgoblins
  2 jackals (D:1)
  6 quokkas
  3 frilled lizards
  6 kobolds
  5 rats
77 creatures vanquished.

Vanquished Creatures (others)
  A plant (D:1)
1 creature vanquished.

Grand Total: 78 creatures vanquished

Notes
Turn   | Place    | Note
-------+----------+-------------------------------------------
     0 | D:1      | gelatine the Demonspawn Transmuter began the quest for the
                  | Orb.
     0 | D:1      | Reached XP level 1. HP: 15/15 MP: 3/3
   408 | D:1      | Reached skill level 3 in Unarmed Combat
   551 | D:1      | Gained mutation: You are partially covered in slimy green
                  | scales. (AC +2) [demonic ancestry]
   551 | D:1      | Reached XP level 2. HP: 21/21 MP: 3/5
   711 | D:1      | Found a faded altar of an unknown god.
   753 | D:1      | Prayed at the altar of an unknown god.
   753 | D:1      | Became a worshipper of Uskayaw the Reveller
   753 | D:1      | Reached * piety under Uskayaw
   804 | D:1      | Reached ** piety under Uskayaw
  1029 | D:2      | Learned a level 2 spell: Wereblood
  1035 | D:2      | Gained mutation: Spells you cast may paralyse adjacent
                  | enemies. [demonic ancestry]
  1035 | D:2      | Reached XP level 3. HP: 26/26 MP: 2/6
  1806 | D:2      | Gained mutation: A meltable shield of frost defends you.
                  | (SH +0) [demonic ancestry]
  1806 | D:2      | Reached XP level 4. HP: 23/32 MP: 3/7
  3105 | D:3      | Identified the +0 ring mail of Lejom {Harm Rampage Dex+3}
  3352 | D:3      | Reached *** piety under Uskayaw
  3357 | D:3      | Reached **** piety under Uskayaw
  3362 | D:3      | Reached skill level 4 in Unarmed Combat
  3362 | D:3      | Reached XP level 5. HP: 16/37 MP: 9/9
  3375 | D:3      | Reached ***** piety under Uskayaw
  3378 | D:3      | Reached skill level 1 in Stealth
  3783 | D:3      | Found a shimmering altar of Xom.
  3783 | D:3      | Found a bloodstained altar of Trog.
  3889 | D:3      | Found a faded altar of an unknown god.
  3891 | D:3      | Found a hazy altar of Hepliaklqana.
  3892 | D:3      | Found a faded altar of an unknown god.
  4048 | D:4      | Noticed a phantom
  4061 | D:4      | Killed a phantom
  4062 | D:4      | Reached XP level 6. HP: 37/43 MP: 10/10
  4123 | D:4      | Noticed Edmund
  4163 | D:4      | Killed Edmund
  4475 | D:4      | Noticed a sky beast
  4590 | D:4      | Killed a sky beast
  4591 | D:4      | Gained mutation: Spells you cast may paralyse nearby
                  | enemies. [demonic ancestry]
  4591 | D:4      | Reached XP level 7. HP: 28/48 MP: 12/12
  4879 | D:4      | Noticed a steam dragon
  4895 | D:4      | Slain by a steam dragon

Illustrated notes

Levels and vault maps discovered:
D:1:      lightli_arrival_statuegarden, layout_loops_cross,
          basic_ecumenical_altar, chequers_serial_rivers_micro_c
D:2:      layout_loops_ring
D:3:      layout_basic, chequers_temple_overflow_minitemple
D:4:      layout_cave_pools, uniq_edmund

Skill      XL: |  1  2  3  4  5  6 |
---------------+-------------------+-----
Unarmed Combat | 3 4 |  4.7
Dodging        | 2 |  2.8
Transmutations | 2 3 |  3.2
Stealth        | 1 2 |  2.5
Spellcasting   | 3 |  3.7
Fighting       | |  1.5
Shields        | |  0.7

Action                   |  1- 3 |  4- 6 |  7- 9 || total
-------------------------+-------+-------+-------++-------
Melee: Unarmed           |   116 |   154 |    14 ||   284
       Kick              |    22 |    46 |     3 ||    71
       Headbutt          |    11 |    15 |     1 ||    27
       Punch             |     3 |     6 |       ||     9
 Cast: Beastly Appendage |    23 |    27 |     3 ||    53
       Wereblood         |     6 |    13 |       ||    19
  Use: Potion            |       |       |     1 ||     1
 Stab: Sleeping          |     2 |       |       ||     2
       Paralysed         |       |    13 |       ||    13
Armor: Robe              |    35 |    16 |     3 ||    54
Dodge: Dodged            |    90 |    72 |    16 ||   178
Block: Other             |       |    20 |     1 ||    21
